 Dungeon Crawl Stone Soup version 0.21-a0-88-g13b9641 (webtiles) character file.

756 grindst0ne the Shield-Bearer (level 8, -1/58 HPs)
             Began as a Formicid Fighter on June 27, 2017.
             Was a Follower of Trog.
             Killed by divine providence
             ... invoked by an orc priest
              (14 damage)
             ... on level 5 of the Dungeon.
             The game lasted 00:06:10 (4125 turns).

grindst0ne the Shield-Bearer (Formicid Fighter)     Turns: 4125, Time: 00:06:11

Health: -1/58      AC:  8    Str: 28    XL:     8   Next: 7%
Magic:  8/8        EV: 14    Int:  8    God:    Trog [*.....]
Gold:   246        SH: 12    Dex: 15    Spells: 7/7 levels left

rFire    + . .     SeeInvis +   a - +0 long sword
rCold    . . .     Gourm    .   c - +0 shield
rNeg     . . .     Faith    .   b - +0 scale mail
rPois    .         Spirit   .   (helmet unavailable)
rElec    .         Reflect  .   (no cloak)
rCorr    .         Harm     .   (no gloves)
MR       .....                  (no boots)
Stlth    +.........             (no amulet)
HPRegen  0.19/turn              m - +5 ring of strength
MPRegen  0.11/turn              o - ring of protection from fire

@: agile
A: permanent stasis, dig shafts and tunnels, four strong arms, antennae 3
a: Dig, Shaft Self, Burn Spellbooks, Renounce Religion


You were on level 5 of the Dungeon.
You worshipped Trog.
Trog was aware of your devotion.
You were hungry.

You visited 1 branch of the dungeon, and saw 5 of its levels.

You collected 246 gold pieces.

Inventory:

Hand Weapons
 a - a +0 long sword (weapon)
Armour
 b - a +0 scale mail (worn)
 c - a +0 shield (worn)
Jewellery
 m - a +5 ring of strength (left hand)
 o - a ring of protection from fire (right hand)
Wands
 p - a wand of disintegration (7/24)
Scrolls
 e - 2 scrolls of recharging {unknown}
 g - 2 scrolls of fear {unknown}
 l - a scroll of teleportation {unknown}
 n - 3 scrolls of remove curse {unknown}
 q - 3 scrolls of identify {unknown}
 t - a scroll of blinking {unknown}
 v - 2 scrolls of enchant weapon {unknown}
Potions
 d - a potion of might
 s - a potion of resistance {unknown}
Comestibles
 f - 6 bread rations
 h - 4 fruits
 i - a meat ration
 j - 2 royal jellies


   Skills:
 - Level 3.2 Fighting
 - Level 2.0 Long Blades
 * Level 7.6 Armour
 - Level 7.6 Shields


You had 7 spell levels left.
You didn't know any spells.

Dungeon Overview and Level Annotations

Branches:
Dungeon (5/15)
 Temple: D:4-7

Altars:
Dithmenos
Qazlal
Ru
Trog
Wu Jian

Shops:
D:4 }


Innate Abilities, Weirdness & Mutations

You cannot be hasted, slowed, berserked, paralysed or teleported.
You can dig through walls and to a lower floor.
Your four strong arms can wield two-handed weapons with a shield.
You have a pair of large antennae on your head. (SInv)


Message History

Pain shoots through your body!
* * * LOW HITPOINT WARNING * * *
You feel better. The orc priest misses you.
You riposte.
You closely miss the orc priest.
You hit the orc priest but do no damage.
You block the orc priest's attack.
You barely miss the orc priest. You block the orc priest's attack.
You hit the orc priest.
The orc priest is heavily wounded.
The orc priest hits you with a mace.
* * * LOW HITPOINT WARNING * * *
You hit the orc priest but do no damage.
The orc priest is heavily wounded.
The orc priest barely misses you.
You riposte.
You hit the orc priest.
The orc priest is severely wounded.
It was a potion of agility.
You feel agile all of a sudden.
The orc priest calls down the wrath of Beogh upon you.
Beogh smites you!
You die...

### ##@# #o## ##{#######
######......####
#....#..#......
#......## ....
#..##..###..##
###..###..#..#
#######.....##o....##..#


You could see an orc priest.

Vanquished Creatures
  The ghost of wazuzu the Changer, a novice OgTm (D:5)
  An ogre (D:4)
  A howler monkey (D:4)
  2 orc wizards
  3 worker ants
  5 adders
  3 gnolls (D:4)
  An ooze (D:3)
  2 adder zombies (D:2)
  2 worms
  2 dart slugs
  4 leopard geckos
  11 orcs
  7 bats
  3 giant cockroaches
  6 goblins
  8 hobgoblins
  3 jackals (D:1)
  6 kobolds
  A quokka (D:2)
  7 frilled lizards
  A quokka zombie (D:2)
  10 rats
90 creatures vanquished.

Notes
Turn   | Place    | Note
-------+----------+-------------------------------------------
     0 | D:1      | grindst0ne the Formicid Fighter began the quest for the Orb.
     0 | D:1      | Reached XP level 1. HP: 18/18 MP: 1/1
   261 | D:1      | Reached XP level 2. HP: 24/24 MP: 2/2
   515 | D:1      | Reached XP level 3. HP: 23/29 MP: 3/3
  1281 | D:2      | Found a bloodstained altar of Trog.
  1301 | D:2      | Found an ornate altar of the Wu Jian Council.
  1333 | D:2      | Became a worshipper of Trog the Wrathful
  1551 | D:2      | Reached XP level 4. HP: 35/35 MP: 4/4
  1780 | D:2      | Reached skill level 5 in Shields
  2463 | D:3      | Reached XP level 5. HP: 38/41 MP: 5/5
  2514 | D:3      | Found a stormy altar of Qazlal.
  2536 | D:3      | Reached skill level 5 in Armour
  2595 | D:3      | Found a sacrificial altar of Ru.
  2818 | D:4      | Reached * piety under Trog
  3024 | D:4      | Noticed an ogre
  3026 | D:4      | Killed an ogre
  3026 | D:4      | Reached XP level 6. HP: 47/47 MP: 6/6
  3378 | D:4      | Found Wupsoly's Gadget Boutique.
  3836 | D:5      | Entered Level 5 of the Dungeon
  3836 | D:5      | Noticed wazuzu's ghost (novice OgTm)
  3860 | D:5      | Killed wazuzu's ghost
  3860 | D:5      | Reached XP level 7. HP: 20/52 MP: 7/7
  3862 | D:5      | Found a shadowy altar of Dithmenos.
  4104 | D:5      | Reached XP level 8. HP: 23/58 MP: 8/8
  4125 | D:5      | Killed from afar by an orc priest

Vault maps used:
D:1:      minmay_arrival_floating_metal, corexii_corridor_pit, hex_tiny
D:2:      nicolae_overflow_hidden_temple, serial_undead, serial_undead_c,
          serial_undead_e, serial_undead_f, serial_undead_d
D:3:      old_standard_altar, overflow_temple_1_default, first_bread
D:4:      serial_shops, shop, kennysheep_generic_room_8
D:5:      okawaru_metal_pillars_1_2, nicolae_dithmenos_shadow_blocks,
          minmay_temple_entry_butterflies, hangedman_decor_points

Skill      XL: |  1  2  3  4  5  6 |
---------------+-------------------+-----
Shields        | 4 5 6 7 |  7.6
Armour         | 4 5 7 |  7.6
Fighting       | |  3.2
Long Blades    | |  2.0

Action                   |  1- 3 |  4- 6 |  7- 9 || total
-------------------------+-------+-------+-------++-------
Melee: Long sword        |   131 |   192 |    42 ||   365
 Abil: Dig               |     5 |     2 |     1 ||     8
Evoke: Wand              |       |     2 |       ||     2
  Use: Potion            |       |       |     3 ||     3
  Eat: Chunk             |     2 |     8 |     1 ||    11
Armor: Scale mail        |    54 |    69 |     9 ||   132
Dodge: Dodged            |    41 |    73 |     9 ||   123
Block: Shield            |    62 |   127 |    27 ||   216
       Rpst.: Long sword |    16 |    24 |     4 ||    44
